 Dungeon Crawl Stone Soup version 0.29.1-12-g30fa7ad0bf (webtiles) character file.

Game seed: 5181055240621783983

708 styxcanada the Covert (level 7, -6/35 HPs)
             Began as a Spriggan Brigand on Dec 26, 2022.
             Was an Initiate of Gozag.
             Killed from afar by Dowan (19 damage)
             ... with a shard of ice
             ... on level 5 of the Dungeon.
             The game lasted 00:21:30 (5738 turns).

styxcanada the Covert (Spriggan Brigand)            Turns: 5738, Time: 00:21:31

Health: -6/35      AC:  4    Str:  7    XL:     7   Next: 40%
Magic:  11/11      EV: 18    Int: 13    God:    Gozag
Gold:   321        SH:  0    Dex: 18    Spells: 8/10 levels left

rFire   . . .      SeeInvis +   a - +4 dagger
rCold   . . .      Faith    .   (no shield)
rNeg    . . .      Spirit   .   b - +0 robe
rPois   .          Reflect  .   (helmet restricted)
rElec   .          Harm     .   c - +1 cloak
rCorr   .          Rampage  .   (gloves unavailable)
Will    +....                   (boots unavailable)
Stlth   ++++......              (no amulet)
HPRegen 0.11/turn               (no ring)
MPRegen 0.12/turn               (no ring)

@: mighty, gold aura, very quick
A: very small, no large weapons, unfitting armour, see invisible, speed 3
a: Renounce Religion, Potion Petition, Call Merchant, Bribe Branch


You were on level 5 of the Dungeon.
You worshipped Gozag.
Gozag was aware of your devotion.
You visited 2 branches of the dungeon, and saw 6 of its levels.

You collected 431 gold pieces.
You spent 44 gold pieces at shops.
You paid 66 gold pieces to Gozag.

Inventory:

Hand Weapons
 a - a +4 dagger (weapon)
 u - a +0 sling
Missiles
 h - 38 stones (quivered)
 j - 3 boomerangs
Armour
 b - a +0 robe (worn)
 c - a +1 cloak (worn)
Wands
 q - a wand of mindburst (9)
Scrolls
 g - 3 scrolls of enchant weapon
 i - 2 scrolls of magic mapping
 o - 2 scrolls of teleportation
 p - 2 scrolls of enchant armour
Potions
 f - 2 potions of heal wounds
 k - 3 potions of lignification
 l - 3 potions of haste {unknown}
 m - a potion of ambrosia {unknown}
 n - a potion of flight {unknown}
 s - a potion of degeneration {unknown}
 t - a potion of magic {unknown}


   Skills:
 * Level 2.4 Fighting
 + Level 3.6 Short Blades
 + Level 2.9 Throwing
 * Level 3.5 Dodging
 * Level 9.5 Stealth
 * Level 2.4 Spellcasting
 * Level 2.5 Hexes
 * Level 1.4 Ice Magic
 * Level 1.7 Evocations


You had 8 spell levels left.
You knew the following spells:

 Your Spells              Type           Power      Damage    Failure   Level
a - Ensorcelled Hibernat  Hex/Ice        12%        N/A       16%         2

Your spell library contained the following spells:

 Spells                   Type           Power      Damage    Failure   Level
 Passwall                 Tmut/Erth      0%         N/A       36%         2
 Swiftness                Air            1%         N/A       58%         3
 Borgnjor's Revivificati  Necr           0%         N/A       100%        8
 Necromutation            Tmut/Necr      0%         N/A       100%        8
 Death's Door             Necr           0%         N/A       100%        9


Dungeon Overview and Level Annotations

Branches:
Dungeon (5/15)             Temple (1/1) D:4

Altars:
Cheibriados
Dithmenos
Elyvilon
Fedhas
Gozag
Hepliaklqana
Kikubaaqudgha
Makhleb
Nemelex Xobeh
Okawaru
Qazlal
Ru
Sif Muna
Uskayaw
Vehumet
Yredelemnul
Zin

Shops:
D:5 *

Annotations:
D:5 Dowan


Innate Abilities, Weirdness & Mutations

You are very small and have problems with some larger weapons.
You are too small for most types of armour.
You have supernaturally acute eyesight. (SInv)
You cover ground extremely quickly. (Speed+++)


Message History

Duvessa hits you with a +0 rapier.
You hit Duvessa but do no damage.
Duvessa is severely wounded.
You hit Duvessa.
Duvessa is severely wounded.
Duvessa misses you.
Dowan mumbles some strange words.
Dowan blinks!
You hit Duvessa.
Duvessa is almost dead.
Duvessa misses you. Dowan completely misses you.
Unknown command.
You closely miss Dowan. Duvessa hits you with a +0 rapier.
Dowan gestures at you while chanting. You resist with almost no effort.
You closely miss Duvessa.
Duvessa is almost dead.
Duvessa barely misses you.
Dowan points at you and mumbles some strange words.
The puff of flame hits you.
You barely miss Duvessa.
Duvessa is almost dead.
You feel very mighty all of a sudden. Duvessa hits you with a +0 rapier!
Dowan points at you and mumbles some strange words.
The puff of frost hits you but does no damage.
You puncture Duvessa!
You kill Duvessa!
Dowan screams, "No!
Oh no!"
Dowan seems to find hidden reserves of power!
Dowan hits you with a +0 dagger. Dowan misses you.
You hit Dowan.
Dowan is moderately wounded.
Dowan mumbles some strange words.
Dowan blinks!
Dowan casts a spell at you. The shard of ice hits you!!
Ouch! That really hurt!
You die...
Your body crumbles into a pile of gold.

.....≈~...................##.....
####.~.##.....e(..l.(....8#.....
#.≈.####..............##.....
.###~~.####...#8###8##...##.....
#<....~~.##...#########...##.....
#......~..).(.###.####8...8##...#
#.###..≈.##.(........##...###...#
. #.#.####(####.#####l(.# #..>#
#.#.##..e$$.@.# ##...####.##
#.#.##.#.####.####8...8# #.#
....##.#.# #...###...## #.## ## #
#.# ###(.(....# #... #..
######### #... ##. ##.# . #.# #.#
#.#


You could see Dowan (fast).

Vanquished Creatures
  A water moccasin (D:5)
  Duvessa (D:5)
  A centaur (D:4)
  An ogre (D:4)
  A scorpion (D:5)
  A hound (D:5)
  Jessica (D:2)
  3 iguanas
  5 adders
  3 ufetubi
  3 worms
  4 dart slugs
  An orc (D:4)
  4 ball pythons
  2 endoplasms
  5 giant cockroaches
  13 goblins
  8 hobgoblins
  3 jackals (D:1)
  4 quokkas
  4 bats
  3 frilled lizards
  7 kobolds
  5 rats
84 creatures vanquished.

Notes
Turn   | Place    | Note
-------+----------+-------------------------------------------
     0 | D:1      | styxcanada the Spriggan Brigand began the quest for the
                  | Orb.
     0 | D:1      | Reached XP level 1. HP: 10/10 MP: 2/2
     7 | D:1      | Reached skill level 6 in Stealth
   327 | D:1      | Reached XP level 2. HP: 12/14 MP: 3/3
  1208 | D:2      | Noticed Jessica
  1216 | D:2      | Killed Jessica
  1217 | D:2      | Reached skill level 7 in Stealth
  1217 | D:2      | Reached XP level 3. HP: 18/18 MP: 4/4
  1607 | D:2      | Found a shimmering blue altar of Sif Muna.
  1613 | D:2      | Reached XP level 4. HP: 23/23 MP: 5/5
  1743 | D:2      | Learned a level 2 spell: Ensorcelled Hibernation
  2211 | D:3      | Reached skill level 8 in Stealth
  3024 | D:3      | Reached skill level 1 in Spellcasting
  3056 | D:3      | Found a burning altar of Makhleb.
  3073 | D:3      | Found a white marble altar of Elyvilon.
  3628 | D:4      | Reached skill level 1 in Hexes
  3628 | D:4      | Reached XP level 5. HP: 26/26 MP: 7/7
  3749 | D:4      | Noticed a centaur
  3804 | D:4      | Killed a centaur
  3970 | D:4      | Reached XP level 6. HP: 30/30 MP: 9/9
  4074 | D:4      | Found a staircase to the Ecumenical Temple.
  4083 | Temple   | Entered the Ecumenical Temple
  4234 | Temple   | Became a worshipper of Gozag Ym Sagoz the Greedy
  4299 | D:4      | Found a sacrificial altar of Ru.
  4757 | D:4      | Reached skill level 1 in Ice Magic
  5016 | D:5      | Entered Level 5 of the Dungeon
  5022 | D:5      | Reached skill level 9 in Stealth
  5028 | D:5      | Found Hoskikeo's General Store.
  5028 | D:5      | Noticed a water moccasin
  5050 | D:5      | Killed a water moccasin
  5051 | D:5      | Reached skill level 1 in Evocations
  5051 | D:5      | Reached XP level 7. HP: 8/35 MP: 9/11
  5291 | D:5      | Bought a potion of might for 44 gold pieces
  5647 | D:5      | Noticed Dowan
  5658 | D:5      | Noticed Duvessa
  5736 | D:5      | Killed Duvessa
  5738 | D:5      | Killed from afar by Dowan

Illustrated notes

Levels and vault maps discovered:
D:1:      dpeg_arrival_prison, layout_basic
D:2:      layout_loops_cross, basic_altar, uniq_jessica
D:3:      layout_basic, mainiacjoe_overflow_swirl
D:4:      layout_loops_ring, old_standard_altar,
          minmay_temple_entry_statues_pillars, minmay_ogre_servants
D:5:      layout_loops_ring, serial_shops, shop, serial_rivers,
          chequers_serial_rivers_small_a, chequers_serial_rivers_micro_b,
          chequers_serial_rivers_small_b, chequers_serial_rivers_micro_b,
          minmay_fountain_box, corexii_hall_statues_l, uniq_duvessa
Temple:   nicolae_temple_slightly_damp_pantheon

Skill      XL: |  1  2  3  4  5  6 |
---------------+-------------------+-----
Stealth        | 6 7 8 9 |  9.5
Dodging        | 2 3 |  3.5
Spellcasting   | 1 2 |  2.4
Hexes          | 1 2 |  2.5
Fighting       | 2 |  2.4
Short Blades   | 3 |  3.6
Ice Magic      | 1 |  1.4
Evocations     | 1 |  1.7
Throwing       | |  2.9

Action                   |  1- 3 |  4- 6 |  7- 9 || total
-------------------------+-------+-------+-------++-------
Melee: Dagger            |    58 |   123 |    21 ||   202
       Punch             |     1 |       |       ||     1
Throw: Dart              |     7 |    38 |    10 ||    55
       Stone             |       |       |     1 ||     1
Evoke: Wand              |       |       |     2 ||     2
  Use: Scroll            |     1 |     9 |       ||    10
       Potion            |       |       |     1 ||     1
 Stab: Sleeping          |     9 |    14 |     1 ||    24
       Distracted        |     1 |     2 |       ||     3
Armor: Robe              |     5 |    14 |     1 ||    20
Dodge: Dodged            |    32 |    84 |    19 ||   135
